 Dungeon Crawl Stone Soup version 0.29-a0-187-ga23d9638d5 (webtiles) character file.

Game seed: 1665172255027896769

176 googobbug the Chopper (level 5, -1/46 HPs)
             Began as a Hill Orc Fighter on Feb 21, 2022.
             Slain by a gnoll (5 damage)
             ... on level 3 of the Dungeon.
             The game lasted 00:07:08 (2473 turns).

googobbug the Chopper (Hill Orc Fighter)            Turns: 2473, Time: 00:07:08

Health: -1/46      AC:  7    Str: 21    XL:     5   Next: 56%
Magic:  5/5        EV:  9    Int:  8    God:
Gold:   88         SH:  4    Dex: 10    Spells: 4/4 levels left

rFire   . . .      SeeInvis .   a - +0 war axe
rCold   . . .      Faith    .   c - +0 buckler
rNeg    . . .      Spirit   .   b - +0 scale mail
rPois   .          Reflect  .   (no helmet)
rElec   .          Harm     .   (no cloak)
rCorr   .          Rampage  .   (no gloves)
Will    .....                   (no boots)
Stlth   ..........              (no amulet)
HPRegen 0.15/turn               (no ring)
MPRegen 0.09/turn               (no ring)

@: no status effects
A: no striking features
a: no special abilities


You were on level 3 of the Dungeon.
You visited 1 branch of the dungeon, and saw 3 of its levels.

You collected 88 gold pieces.

Inventory:

Hand Weapons
 a - a +0 war axe (weapon)
 h - a +2 dagger of venom
Armour
 b - a +0 scale mail (worn)
 c - a +0 buckler (worn)
 i - a +1 cloak
 r - an orb of guile
Magical Staves
 f - a staff of death
Jewellery
 k - an amulet of magic regeneration
 n - a ring of flight
Scrolls
 e - 2 scrolls of noise {unknown}
 l - a scroll of blinking {unknown}
 o - 2 scrolls of teleportation {unknown}
 p - a scroll of brand weapon {unknown}
 q - 3 scrolls of identify {unknown}
 s - 2 scrolls of vulnerability {unknown}
Potions
 d - a potion of might
 g - a potion of brilliance
 j - a potion of invisibility {unknown}
 m - a potion of heal wounds {unknown}


   Skills:
 + Level 4.1 Fighting
 + Level 5.1 Axes
 + Level 4.7 Armour
 + Level 0.1 Dodging
 + Level 0.6 Stealth
 + Level 3.6 Shields


You had 4 spell levels left.
You didn't know any spells.
Your spell library contained the following spells:

 Spells                   Type           Power      Damage    Failure   Level
 Blink                    Tloc           0%         N/A       92%         2
 Lesser Beckoning         Tloc           0%         N/A       99%         3
 Hailstorm                Conj/Ice       0%         3d3       100%        4
 Ice Form                 Ice/Tmut       0%         N/A       100%        4
 Manifold Assault         Tloc           0%         N/A       100%        5
 Simulacrum               Ice/Necr       0%         N/A       100%        6


Dungeon Overview and Level Annotations

Branches:
Dungeon (3/15)

Altars:
Qazlal

Annotations:
D:3 2 transporters, Cecur's ghost, amateur FoFi


Message History

You kill the gnoll!
You block the gnoll's attack. x2
You have reached level 5!
You feel stronger.
You slash the gnoll!
The gnoll is severely wounded.
The gnoll misses you.
You hit the gnoll.
You kill the gnoll!
Your life force feels restored.
Your Axes skill increases to level 5!
You hit the gnoll.
The gnoll is heavily wounded.
You block the gnoll's attack. The gnoll barely misses you.
The gnoll closely misses you.
You slash the gnoll!
You kill the gnoll!
The gnoll barely misses you. The gnoll hits you but does no damage.
The orc priest shouts, "Join the one true god or die!"
You slash the orc priest!
The orc priest is almost dead.
The orc priest invokes the aid of Beogh against you.
Pain shoots through your body!
* * * LOW HITPOINT WARNING * * *
The gnoll hits you from afar with a +0 halberd!
* * * LOW HITPOINT WARNING * * *
You hit the orc priest.
The orc priest is almost dead.
The gnoll closely misses you.
You slash the orc!
You kill the orc!
You slash the orc priest!
You kill the orc priest!
The gnoll hits you from afar with a +0 halberd.
* * * LOW HITPOINT WARNING * * *
You block the gnoll's attack.
Items here: ( ))))) †††††.
You barely miss the gnoll. You block the gnoll's attack.
The gnoll hits you with a +0 halberd.
You die...

............######..##....)<)..##
................##..##....÷....##
................##.............'.
................###.##.........#.
................###.##....).#####
......).........+....#......#©...
..########.#....###..#......#..##
#......g##..#......# #..
#######@##.†.......# #..
###..)).......#####..##
#.'...........# ©...
#.#...........# ..##
#.#######'#...# .#..
#.#........#>## #..
#.#.#####..#.# ..##
###.#.#...<..#.# ....
#......#.....#.# ###


You could see a gnoll.

Vanquished Creatures
  An orc priest (D:3)
  Jessica (D:3)
  3 gnolls (D:3)
  2 adders (D:2)
  A dart slug (D:2)
  11 orcs (D:3)
  6 endoplasms
  A giant cockroach (D:1)
  6 goblins
  3 hobgoblins
  2 jackals (D:3)
  3 quokkas
  7 ball pythons
  A bat (D:2)
  2 frilled lizards (D:1)
  10 kobolds
  2 rats
62 creatures vanquished.

Notes
Turn   | Place    | Note
-------+----------+-------------------------------------------
     0 | D:1      | googobbug the Hill Orc Fighter began the quest for the Orb.
     0 | D:1      | Reached XP level 1. HP: 19/19 MP: 1/1
    45 | D:1      | Found a faded altar of an unknown god.
   179 | D:1      | Reached XP level 2. HP: 27/27 MP: 2/2
   267 | D:1      | Reached skill level 3 in Axes
   686 | D:1      | Reached XP level 3. HP: 33/33 MP: 3/3
  1211 | D:2      | Found a stormy altar of Qazlal.
  1322 | D:2      | Reached skill level 4 in Axes
  1546 | D:2      | Reached XP level 4. HP: 39/40 MP: 4/4
  1662 | D:3      | Noticed Jessica
  1669 | D:3      | Killed Jessica
  2326 | D:3      | Found a transporter.
  2329 | D:3      | Noticed Cecur's ghost (amateur FoFi)
  2330 | D:3      | Noticed an ogre
  2333 | D:3      | Found a transporter.
  2465 | D:3      | Reached XP level 5. HP: 16/45 MP: 5/5
  2467 | D:3      | Reached skill level 5 in Axes
  2473 | D:3      | Slain by a gnoll

Illustrated notes

Levels and vault maps discovered:
D:1:      ncdulo_halloftheorcs, layout_basic, chequers_ecumenical_altar_island
D:2:      layout_rooms, basic_altar, minmay_tetromino_i2
D:3:      layout_basic, gammafunk_ghost_smash, uniq_jessica

Skill      XL: |  1  2  3  4  5 |
---------------+----------------+-----
Axes           | 3 4 5 |  5.1
Fighting       | 4 |  4.1
Armour         | 4 |  4.7
Dodging        | |  0.1
Stealth        | |  0.6
Shields        | |  3.6

Action                   |  1- 3 |  4- 6 || total
-------------------------+-------+-------++-------
Melee: War axe           |    66 |    62 ||   128
Armor: Scale mail        |    23 |    33 ||    56
Dodge: Dodged            |    34 |    29 ||    63
Block: Buckler           |    12 |    18 ||    30

Table legend: (Time is in decaauts)
 A = Elapsed time spent in this place.
 B = Non-inter-level travel time spent in this place.
 C = Inter-level travel time spent in this place.
 D = Time resting spent in this place.
 E = Time spent auto-exploring this place.
 F = Levels seen in this place.
 G = Mean time per level.
                   A        B        C        D        E       F      G
               +--------+--------+--------+--------+--------+-----+--------+
         Total |   2519 |   2432 |     87 |    541 |    763 |   3 |  839.7 |
       Dungeon |   2519 |   2432 |     87 |    541 |    763 |   3 |  839.7 |
               +--------+--------+--------+--------+--------+-----+--------+

Top non-repeatable levels by time:
     D:1: 975 daAuts
     D:2: 871 daAuts
     D:3: 672 daAuts
